 Dungeon Crawl Stone Soup version 0.22.1-2-g9c5b331 (webtiles) character file.

1197 Ereth the Cudgeler (level 8, -1/78 HPs)
             Began as a Troll Monk on Dec 27, 2018.
             Was a Follower of Sif Muna.
             Slain by an orc warrior
             ... wielding a +0 long sword
              (13 damage)
             ... on level 7 of the Dungeon.
             The game lasted 00:23:02 (6170 turns).

Ereth the Cudgeler (Troll Monk)                     Turns: 6170, Time: 00:23:03

Health: -1/78      AC:  6    Str: 25      XL:     8   Next: 20%
Magic:  9/9        EV: 10    Int:  4      God:    Sif Muna [*.....]
Gold:   352        SH:  0    Dex:  6 (12) Spells: 10/10 levels left

rFire    . . .     SeeInvis +   a - +1 mace
rCold    . . .     Gourm    +   (no shield)
rNeg     . . .     Faith    .   w - +0 robe (curse)
rPois    +         Spirit   .   (helmet restricted)
rElec    .         Reflect  .   B - +0 cloak
rCorr    +         Harm     .   (gloves unavailable)
MR       .....                  (boots unavailable)
Stlth    +.........             A - amulet of regeneration
HPRegen  1.03/turn              p - ring of Xom's Sleight of Hands {rCorr rPois Str+4 Int-3 SInv}
MPRegen  0.11/turn              (no ring)

@: divine energy
A: large, unfitting armour, claws 3, fast metabolism 3, gourmand, regeneration
1, shaggy fur 1, tough skin 2
a: Stop Divine Energy, Renounce Religion


You were on level 7 of the Dungeon.
You worshipped Sif Muna.
Sif Muna was aware of your devotion.
You were full.

You visited 1 branch of the dungeon, and saw 7 of its levels.

You collected 361 gold pieces.
You donated 9 gold pieces to Zin.

Inventory:

Hand Weapons
 a - a +1 mace (weapon)
 e - a cursed -3 whip
 g - a +0 short sword
 i - a +0 long sword
 l - a +0 hunting sling
 n - a +0 hunting sling
 o - a +0 short sword
 q - a +1 flail of holy wrath
 s - a +0 quarterstaff
 z - a +0 short sword
Missiles
 f - 60 poisoned needles
 r - 22 sling bullets
Armour
 b - a +1 robe
 k - +0 storm dragon scales
 w - a cursed +0 robe (worn)
 B - a +0 cloak (worn)
Jewellery
 p - the ring of Xom's Sleight of Hands (left claw) {rCorr rPois Str+4 Int-3 SInv}
   (You found it on level 5 of the Dungeon)

   [ring of resist corrosion]

   It affects your strength (+4).
   It affects your intelligence (-3).
   It protects you from poison.
   It lets you see invisible.
 A - an amulet of regeneration (around neck)
Wands
 v - a wand of flame (9)
 y - a wand of polymorph (5)
 C - a wand of iceblast (8)
Scrolls
 t - a scroll of amnesia
Potions
 d - 4 potions of flight
 h - 2 potions of degeneration
 j - a potion of lignification
 m - a potion of magic
 u - a potion of agility
 x - a potion of haste {unknown}
 E - a potion of curing {unknown}
Comestibles
 c - 7 rations


   Skills:
 + Level 4.1 Fighting
 + Level 6.2 Maces & Flails
 + Level 4.8 Dodging
 + Level 1.6 Stealth
 * Level 1.9 Spellcasting


You had 10 spell levels left.
You didn't know any spells.
Your spell library contained the following spells:

 Spells                   Type           Power        Failure   Level  Hunger
 Beastly Appendage        Tmut           #.....       43%         1    ##.....
 Corona                   Hex            #......      43%         1    ##.....
 Ensorcelled Hibernation  Hex/Ice        #.....       58%         2    ###....
 Sticks to Snakes         Tmut           #.......     58%         2    ###....
 Confuse                  Hex            #.......     82%         3    ####...
 Dazzling Spray           Conj/Hex       #.....       82%         3    ####...
 Spider Form              Tmut/Pois      #.........   82%         3    ####...
 Tukima's Dance           Hex            #.......     82%         3    ####...
 Ice Form                 Ice/Tmut       #.......     99%         4    #####..
 Blade Hands              Tmut           #.........   100%        5    ######.


Dungeon Overview and Level Annotations

Branches:
Dungeon (7/15)
 Temple: D:4-7

Altars:
Cheibriados
Dithmenos
Sif Muna
Trog
Uskayaw
Vehumet
Yredelemnul
Zin
The Shining One


Innate Abilities, Weirdness & Mutations

You are too large for most types of armour.
You have claws for hands.
Your metabolism is lightning-fast.
You like to eat raw meat.
Your natural rate of healing is unusually fast.
You are covered in fur. (AC +1)
You have very tough skin. (AC +2)


Message History

You hit the orc warrior.
The orc warrior is lightly wounded.
The orc warrior hits you with a long sword!
An orc comes into view. It is wielding a trident.
You hit the orc warrior but do no damage.
The orc warrior is lightly wounded.
The orc warrior hits you with a long sword!!
You hit the orc warrior but do no damage.
The orc warrior is lightly wounded.
The orc warrior hits you with a long sword!!
You closely miss the orc warrior.
The orc warrior is lightly wounded.
The orc warrior hits you with a long sword!
* * * LOW HITPOINT WARNING * * *
Sif Muna will now grant you divine energy when your reserves of magic are You will briefly lose access to your magic after casting a spell in this
As you read the scroll of fog, it crumbles to dust.
The scroll dissolves into smoke.
The orc warrior hits you with a long sword!
You die...

#......###########
#.#...............
#.#.#######..#####
#.### +..# #.# #..#
#.# #..# #§# #..# #§#
#..# #@#.#######..#
#o#.......<..#
####s#..####.########
#....................
#....o.#####.########
#......... #.#
####+#..##.#.# ...>
#.# .....#.#


You could see an orc warrior and a scorpion.

Vanquished Creatures
  A sky beast (D:5)
  An ogre (D:3)
  A big kobold (D:5)
  A bullfrog (D:7)
  4 crimson imps
  A bullfrog zombie (D:5)
  A quasit (D:6)
  2 hounds (D:5)
  2 jellies (D:5)
  An orc priest (D:6)
  A bullfrog skeleton (D:4)
  An orc wizard (D:3)
  Terence (D:3)
  Jessica (D:2)
  2 worker ants
  7 adders
  16 gnolls
  A shadow imp (D:6)
  An ooze (D:5)
  A worm (D:2)
  4 dart slugs
  3 leopard geckos
  15 orcs
  5 ball pythons
  3 giant cockroaches
  7 goblins
  10 hobgoblins
  4 jackals (D:6)
  2 quokkas
  6 bats
  4 frilled lizards
  26 kobolds
  8 rats
144 creatures vanquished.

Notes
Turn   | Place    | Note
-------+----------+-------------------------------------------
     0 | D:1      | Ereth the Troll Monk began the quest for the Orb.
     0 | D:1      | Reached XP level 1. HP: 22/22 MP: 0/0
   360 | D:1      | Reached XP level 2. HP: 29/29 MP: 1/1
   438 | D:1      | HP: 1/29 [gnoll/spear (6)]
   440 | D:1      | Reached skill level 3 in Maces & Flails
   757 | D:1      | Reached XP level 3. HP: 36/36 MP: 2/2
   900 | D:2      | Found a snail-covered altar of Cheibriados.
   959 | D:2      | Noticed Jessica
  1011 | D:2      | Killed Jessica
  1011 | D:2      | Reached XP level 4. HP: 25/44 MP: 3/3
  1390 | D:2      | Found a faded altar of an unknown god.
  1413 | D:2      | Became a worshipper of Zin the Law-Giver
  1413 | D:2      | Reached * piety under Zin
  1413 | D:2      | Reached ** piety under Zin
  1413 | D:2      | Reached *** piety under Zin
  1420 | D:2      | Fell from the grace of Zin
  1586 | D:3      | Reached XP level 5. HP: 53/53 MP: 4/4
  1636 | D:3      | Found a hide-covered altar of Uskayaw.
  1669 | D:3      | Reached skill level 4 in Maces & Flails
  1979 | D:3      | Found a deep blue altar of Sif Muna.
  1982 | D:3      | Became a worshipper of Sif Muna the Loreminder
  2010 | D:3      | Noticed an ogre
  2053 | D:3      | Killed an ogre
  2053 | D:3      | Reached XP level 6. HP: 46/61 MP: 5/5
  2442 | D:3      | Noticed Terence
  2456 | D:3      | Killed Terence
  2472 | D:3      | Found a radiant altar of Vehumet.
  2794 | D:4      | Found a basalt altar of Yredelemnul.
  3074 | D:4      | Found a glowing golden altar of the Shining One.
  3532 | D:5      | Entered Level 5 of the Dungeon
  3637 | D:5      | Found a bloodstained altar of Trog.
  3664 | D:5      | Reached skill level 5 in Maces & Flails
  3729 | D:5      | Reached skill level 1 in Spellcasting
  3870 | D:5      | Reached XP level 7. HP: 57/67 MP: 7/7
  4365 | D:5      | Got a vibrating golden ring
  5328 | D:6      | Reached * piety under Sif Muna
  5462 | D:6      | Reached skill level 6 in Maces & Flails
  5497 | D:6      | Identified the ring of Xom's Sleight of Hands {rCorr rPois
                  | Str+4 Int-3 SInv} (You found it on level 5 of the Dungeon)
  5690 | D:6      | Reached XP level 8. HP: 67/78 MP: 9/9
  5904 | D:6      | Found a shadowy altar of Dithmenos.
  6170 | D:7      | Slain by an orc warrior

Skill      XL: |  1  2  3  4  5  6  7 |
---------------+----------------------+-----
Maces & Flails | 3 4 5 6 |  6.2
Dodging        | 3 4 |  4.8
Fighting       | 3 4 |  4.1
Spellcasting   | 1 |  1.9
Stealth        | |  1.6

Action                   |  1- 3 |  4- 6 |  7- 9 || total
-------------------------+-------+-------+-------++-------
Melee: Mace              |    77 |   268 |   337 ||   682
Invok: Renounce Religion |       |     1 |       ||     1
       Divine Energy     |       |       |     1 ||     1
Evoke: Wand              |       |       |     3 ||     3
  Use: Scroll            |     4 |     8 |     6 ||    18
       Potion            |       |       |     1 ||     1
 Stab: Sleeping          |       |     3 |       ||     3
  Eat: Chunk             |    10 |    25 |    23 ||    58
       Ration            |       |     1 |       ||     1
Armor: Robe              |    43 |    94 |   123 ||   260
Dodge: Dodged            |    71 |   213 |   235 ||   519
